[Event "ICC tourney 1983 (45 10)"]
[Site "Internet Chess Club"]
[Date "2020.08.29"]
[Round "1"]
[White "jairam09"]
[Black "PerpetualForce"]
[Result "0-1"]
[ICCResult "White resigns"]
[WhiteElo "1841"]
[BlackElo "1804"]
[Opening "Queen's pawn, Mason variation"]
[ECO "D00"]
[NIC "QP.08"]
[Time "11:02:36"]
[TimeControl "2700+10"]

1. d4 d5 2. Bf4 Nf6 3. e3 e6 4. Nd2 c5 5. c3 Nc6 6. Ngf3 Be7 7. h3 a6 8. Bd3
b5 9. O-O O-O 10. Re1 c4 11. Bc2 b4 12. e4 bxc3 13. bxc3 Qa5 14. Ba4 Bb7 15.
Rb1 Ra7 16. Rxb7 Rxb7 17. Bxc6 Ra7 18. Qc2 Qb6 19. Ba4 Raa8 20. Rb1 Qa5 21.
Bc6 Rac8 22. Bb7 Rcd8 23. exd5 Nxd5 24. Nxc4 Qxc3 25. Qxc3 Nxc3 26. Re1 Bb4
27. Bd2 Nxa2 28. Bxb4 Nxb4 29. Rb1 Nc2 30. Bxa6 Nxd4 31. Nxd4 Rxd4 32. Ne3
g6 33. g3 Rd2 34. Kg2 Ra8 35. Bc4 Ra3 36. Ng4 Kg7 37. Rb7 h5 38. Ne5 Kf6 39.
Nxf7 Rc3 40. Bb5 Rcc2 41. Nh8 Rxf2+ 42. Kg1 Rg2+ 43. Kf1 Rh2 44. Rf7+ Kg5
45. Kg1 Rxh3 46. Rf3 Kg4 47. Ra3 Rxg3+ 48. Rxg3+ Kxg3 49. Nxg6 Rc1+ 50. Bf1
h4 51. Nxh4 Kxh4 52. Kf2 Kg4 53. Be2+ Kf4 54. Bd3 e5 55. Ke2 e4 56. Bb5 Rc2+
57. Kf1 Kf3 58. Ke1 e3 59. Kd1 Rb2 60. Bc6+ Kf2 {White resigns} 0-1

[Event "ICC tourney 1983 (45 10)"]
[Site "Internet Chess Club"]
[Date "2020.08.29"]
[Round "1"]
[White "Almanac2050"]
[Black "Samuel-Colt"]
[Result "0-1"]
[ICCResult "White resigns"]
[WhiteElo "1596"]
[BlackElo "1823"]
[Opening "French: Tarrasch"]
[ECO "C03"]
[NIC "FR.14"]
[Time "11:02:28"]
[TimeControl "2700+10"]

1. e4 e6 2. d4 d5 3. Nd2 Be7 4. e5 c5 5. c3 Nc6 6. Ndf3 Qb6 7. Bd3 cxd4 8.
cxd4 Bb4+ 9. Bd2 Bxd2+ 10. Qxd2 Bd7 11. Ne2 Qb4 12. O-O Qxd2 13. Nxd2 Nge7
14. a3 O-O 15. Rac1 Rfc8 16. b4 a6 17. Nb3 b6 18. Rc3 a5 19. b5 Na7 20.
Rxc8+ Rxc8 21. a4 Rc7 22. Rc1 Rxc1+ 23. Nexc1 f6 24. f4 fxe5 25. dxe5 Kf7
26. Ne2 Nac8 27. Nbd4 g6 28. Nf3 h6 29. h4 Nf5 30. Bxf5 gxf5 31. Kh2 Ne7 32.
Ned4 Ng6 33. Kg3 Nf8 34. h5 Be8 35. Kh4 Nd7 36. g4 fxg4 37. Kxg4 Nc5 38. f5
Bd7 39. fxe6+ Bxe6+ 40. Nxe6 Kxe6 41. Kf4 Nd3+ 42. Ke3 Nxe5 43. Nd4+ Kf6 44.
Kf4 Nd3+ 45. Ke3 Nc5 46. Nf3 Nxa4 47. Kd4 Nb2 48. Kxd5 a4 49. Nd2 a3 50.
Ne4+ Kf5 51. Nc3 Na4 52. Na2 Kg5 53. Kc4 Kxh5 54. Kb3 Nc5+ 55. Kxa3 Kg4 56.
Nc3 h5 57. Ne2 h4 58. Ng1 Kg3 59. Ne2+ Kf2 60. Nf4 Kf3 61. Nh3 Kg2 62. Nf4+
Kg3 63. Ne2+ Kf3 64. Nd4+ Kf2 {White resigns} 0-1

[Event "ICC tourney 1983 (45 10)"]
[Site "Internet Chess Club"]
[Date "2020.08.29"]
[Round "1"]
[White "Torsten936"]
[Black "NonnaThat"]
[Result "0-1"]
[ICCResult "White resigns"]
[WhiteElo "1609"]
[BlackElo "1922"]
[Opening "Queen's Indian: old main line, 7.Nc3"]
[ECO "E18"]
[NIC "QI.09"]
[Time "11:04:57"]
[TimeControl "2700+10"]

1. d4 Nf6 2. c4 e6 3. Nf3 b6 4. g3 Bb7 5. Bg2 Be7 6. O-O O-O 7. Nc3 d5 8.
cxd5 exd5 9. Qc2 c5 10. Rd1 Nc6 11. Bg5 cxd4 12. Nxd4 Nxd4 13. Rxd4 Rc8 14.
Rad1 h6 15. Bf4 Qe8 16. Qb3 Bc5 17. R4d2 Ng4 18. Rf1 g5 19. Bh3 Bxf2+ 20.
Rxf2 Nxf2 21. Bxc8 Qxc8 22. Kxf2 gxf4 23. Nxd5 Qh3 24. Nxf4 Qxh2+ 25. Kf1
Qh1+ 26. Kf2 Qh2+ 27. Kf1 Rc8 28. Rd1 Rc5 29. Qd3 Rc8 30. Qd7 Qxg3 31. Qd6
Rc6 32. Qd8+ Kh7 33. Nd5 Qh3+ 34. Ke1 Rc5 35. Nf6+ Kg6 36. Qg8+ Kxf6 37.
Qh8+ Ke6 38. Qe8+ Kf6 39. Qh8+ Kf5 40. Qh7+ Ke5 41. Qh8+ f6 42. Qe8+ Kf4 43.
Rd4+ Kg5 44. Qg8+ Kf5 45. Qh7+ Ke5 46. Rd7 Qg3+ 47. Kd2 Qf4+ 48. Ke1 Rc1+
49. Rd1 Qb4+ 50. Kf2 Rxd1 {White resigns} 0-1

[Event "ICC tourney 1983 (45 10)"]
[Site "Internet Chess Club"]
[Date "2020.08.29"]
[Round "1"]
[White "vibi"]
[Black "karuto2006"]
[Result "0-1"]
[ICCResult "White resigns"]
[WhiteElo "1575"]
[BlackElo "1782"]
[Opening "Queen's pawn game"]
[ECO "D05"]
[NIC "QP.09"]
[Time "11:02:23"]
[TimeControl "2700+10"]

1. Nf3 d5 2. e3 Nf6 3. d4 e6 4. c4 b6 5. Nc3 Bb7 6. Be2 Be7 7. O-O O-O 8. b3
Nbd7 9. Bb2 Bb4 10. a3 Bxc3 11. Bxc3 Ne4 12. Bb2 h6 13. Qd3 a5 14. Nd2 Qg5
15. f3 Nxd2 16. Qxd2 Rad8 17. Qc3 Nf6 18. Bc1 Qg6 19. Bd2 Rc8 20. g4 h5 21.
Bd3 Qg5 22. e4 Qh4 23. e5 Nh7 24. gxh5 Ng5 25. Bxg5 Qxg5+ 26. Kh1 Qxh5 27.
Be2 c5 28. Rg1 Kh8 29. Qd2 dxc4 30. Rg3 Rfd8 31. Kg2 Rxd4 32. Qe3 Rh4 33.
Rh1 Qh6 34. Qxh6+ gxh6 35. bxc4 Rd8 36. Rd1 Rxd1 37. Bxd1 Rxc4 38. Kf2 Rd4
39. Ke2 Ba6+ 40. Ke1 c4 41. Bc2 b5 42. Ke2 b4 43. Ke3 Rd5 44. axb4 axb4 45.
f4 b3 46. Be4 c3 47. Bxd5 exd5 48. Rg1 b2 {White resigns} 0-1

[Event "ICC tourney 1983 (45 10)"]
[Site "Internet Chess Club"]
[Date "2020.08.29"]
[Round "1"]
[White "soggydollar"]
[Black "vishalanil"]
[Result "1-0"]
[ICCResult "Black resigns"]
[WhiteElo "1638"]
[BlackElo "1807"]
[Opening "Ruy Lopez: closed, Breyer, Borisenko variation"]
[ECO "C95"]
[NIC "RL.25"]
[Time "11:02:27"]
[TimeControl "2700+10"]

1. e4 e5 2. Nf3 Nc6 3. Bb5 a6 4. Ba4 Nf6 5. O-O b5 6. Bb3 Be7 7. Re1 d6 8.
c3 Nb8 9. h3 O-O 10. d4 Nbd7 11. Nbd2 Bb7 12. a4 c5 13. dxe5 dxe5 14. Qe2 c4
15. Bc2 Qc7 16. Nf1 Rfd8 17. N3h2 Nc5 18. f3 Nd3 19. Bxd3 cxd3 20. Qf2 b4
21. Be3 Qc6 22. Rec1 bxc3 23. Rxc3 Qe6 24. Rd1 Bxe4 25. fxe4 Nxe4 26. Qf3
Nxc3 27. bxc3 Rac8 28. Ng4 Rxc3 29. Qe4 f6 30. a5 Bc5 31. Rb1 Bxe3+ 32.
Nfxe3 d2 33. Kh2 Rc1 34. Nf2 Rxb1 35. Qxb1 Qc8 36. Qb6 Rd4 37. g4 Rf4 38.
Nfd1 h6 39. Nd5 Qc2 40. Qe6+ Kh7 41. Nxf4 exf4 42. Qf5+ Qxf5 43. gxf5 h5 44.
Kg2 Kh6 45. h4 g5 46. fxg6 Kxg6 47. Kf3 Kf5 48. Nf2 Ke5 49. Nd3+ Kd4 50. Nf2
Kc3 51. Kxf4 Kb4 52. Ke3 Kxa5 53. Kxd2 Kb4 54. Kc2 Kc4 55. Ne4 Kd4 56. Nxf6
Ke5 57. Nxh5 Kf5 58. Ng3+ Kg6 59. Kc3 a5 60. Kb3 a4+ 61. Kxa4 Kh7 62. Kb4
Kg6 63. Kc4 Kh7 64. Kd5 Kg6 65. Ke5 Kh6 66. Kf5 Kg7 67. Kg5 Kh7 68. Nh5 Kh8
69. Nf4 Kh7 70. Ng6 Kg8 71. Kh6 Kf7 72. Kh7 Kf6 73. h5 Kf7 74. h6 Kf6 75.
Nh8 Kg5 76. Nf7+ Kf6 77. Kg8 Kg6 78. h7 Kf6 79. h8=Q+ {Black resigns} 1-0

[Event "ICC tourney 1983 (45 10)"]
[Site "Internet Chess Club"]
[Date "2020.08.29"]
[Round "1"]
[White "FlamingFire"]
[Black "ScoutViolet"]
[Result "0-1"]
[ICCResult "White resigns"]
[WhiteElo "1612"]
[BlackElo "1609"]
[Opening "QGD: classical variation (5.Bf4)"]
[ECO "D37"]
[NIC "QO.16"]
[Time "11:02:27"]
[TimeControl "2700+10"]

1. c4 e6 2. d4 d5 3. Nc3 Nf6 4. Nf3 Be7 5. Bf4 a6 6. e3 O-O 7. Bd3 Nbd7 8.
a4 c5 9. cxd5 exd5 10. O-O b6 11. Nd2 Bb7 12. b3 Rc8 13. Rc1 h6 14. h3 Kh8
15. Qe2 cxd4 16. exd4 Bb4 17. Na2 Bxd2 18. Bxd2 Re8 19. Be3 a5 20. Nc3 Qe7
21. Nb5 Rxc1 22. Rxc1 Ba6 23. Qd2 Bxb5 24. Bxb5 Ne4 25. Qe2 Rd8 26. Rc7 Qd6
27. Qc2 f5 28. Rc8 Ndf6 29. Bf4 Qe7 30. Rc7 Qb4 31. Be3 f4 32. Bxf4 Qxd4 33.
Rc8 Rxc8 34. Qxc8+ Kh7 35. Qc2 Kg8 36. Qc8+ Kh7 37. Qc2 Kg8 38. Qc8+ Kf7 39.
Be3 Qd1+ 40. Kh2 Qxb3 41. Qc7+ Kg6 42. Qxb6 Qb4 43. Be8+ Kh7 44. Qe6 Qb8+
45. g3 Qxe8 46. Qf5+ Kg8 47. g4 Qxa4 48. Qe6+ Kh8 49. f3 Qc2+ 50. Kg1 Qd1+
51. Kg2 Qe2+ 52. Kh1 Qxf3+ 53. Kg1 Qxe3+ {White resigns} 0-1

[Event "ICC tourney 1983 (45 10)"]
[Site "Internet Chess Club"]
[Date "2020.08.29"]
[Round "2"]
[White "imranchamp"]
[Black "JGroder"]
[Result "1-0"]
[ICCResult "Black checkmated"]
[WhiteElo "1670"]
[BlackElo "1712"]
[Opening "Evans gambit"]
[ECO "C52"]
[NIC "IG.05"]
[Time "13:31:55"]
[TimeControl "2700+10"]

1. e4 e5 2. Nf3 Nc6 3. Bc4 Bc5 4. b4 Bxb4 5. c3 Ba5 6. d4 exd4 7. O-O Nge7
8. cxd4 d6 9. Ng5 O-O 10. Qh5 h6 11. Nxf7 Rxf7 12. Bxf7+ Kh8 13. Bxh6 Bg4
14. Qg5 Nf5 15. Bxg7+ Nxg7 16. Qh6# {Black checkmated} 1-0

[Event "ICC tourney 1983 (45 10)"]
[Site "Internet Chess Club"]
[Date "2020.08.29"]
[Round "2"]
[White "Natey"]
[Black "che2468"]
[Result "1-0"]
[ICCResult "Black checkmated"]
[WhiteElo "1666"]
[BlackElo "1485"]
[Opening "Sicilian: Kan, 5.Nc3"]
[ECO "B43"]
[NIC "SI.41"]
[Time "13:32:31"]
[TimeControl "2700+10"]

1. e4 c5 2. Nf3 e6 3. d4 cxd4 4. Nxd4 a6 5. Nc3 b5 6. Bd3 Bb7 7. Be3 Nf6 8.
f3 d5 9. exd5 Nxd5 10. Nxd5 Bxd5 11. O-O Bc5 12. Re1 O-O 13. c3 Qb6 14. b4
Bxd4 15. Bxd4 Qc6 16. a4 Nd7 17. Qc2 h6 18. axb5 axb5 19. Qb2 Nb6 20. Bxg7
Na4 21. Rxa4 Rxa4 22. Bxf8 Kxf8 23. Qd2 Kg7 24. Bc2 Qc4 25. Bxa4 bxa4 26.
Qd4+ Qxd4+ 27. cxd4 a3 28. Ra1 a2 29. b5 Kf8 30. Kf2 Ke7 31. Ke3 Kd6 32. Kd3
Kc7 33. Kc3 Kb6 34. Kb4 h5 35. h4 f6 36. g4 Bxf3 37. g5 fxg5 38. hxg5 Be4
39. Rxa2 Bg6 40. Re2 Bf5 41. g6 h4 42. g7 Bh7 43. Rxe6+ Kc7 44. Rh6 Bg8 45.
Rh8 Bf7 46. g8=Q Bxg8 47. Rxg8 h3 48. Rh8 Kd6 49. Rh4 Kd5 50. Rxh3 Kxd4 51.
b6 Ke5 52. b7 Ke4 53. b8=Q Kd5 54. Rh5+ Ke4 55. Qg3 Kd4 56. Qf4+ Kd3 57.
Rd5+ Kc2 58. Qf2+ Kc1 59. Rc5+ Kb1 60. Qc2+ Ka1 61. Ra5# {Black checkmated}
1-0

[Event "ICC tourney 1983 (45 10)"]
[Site "Internet Chess Club"]
[Date "2020.08.29"]
[Round "2"]
[White "Mapking1"]
[Black "FlamingFire"]
[Result "1-0"]
[ICCResult "Black checkmated"]
[WhiteElo "1621"]
[BlackElo "1640"]
[Opening "Sicilian: Kan, 5.Nc3"]
[ECO "B43"]
[NIC "SI.41"]
[Time "13:31:36"]
[TimeControl "2700+10"]

1. e4 c5 2. Nf3 e6 3. d4 cxd4 4. Nxd4 a6 5. Nc3 Qc7 6. Bd3 Nf6 7. Qe2 Nc6 8.
Nxc6 bxc6 9. b3 d5 10. O-O Bd6 11. f4 Bc5+ 12. Kh1 Bd4 13. Bb2 Qa5 14. Nd1
Bxb2 15. Nxb2 O-O 16. e5 Nd7 17. c4 h6 18. Rf3 c5 19. g4 Bb7 20. cxd5 Bxd5
21. Be4 Qb5 22. Qc2 f6 23. Bxd5 exd5 24. e6 Nb6 25. Re1 Rfe8 26. f5 Qb4 27.
Qg2 Qxe1+ 28. Rf1 Qa5 29. h4 Qxa2 30. g5 hxg5 31. hxg5 fxg5 32. Qxg5 Qxb2
33. f6 Re7 34. fxe7 Qe2 35. Rf8+ Rxf8 36. exf8=Q+ Kxf8 37. Qd8#
{Black checkmated}
1-0

[Event "ICC tourney 1983 (45 10)"]
[Site "Internet Chess Club"]
[Date "2020.08.29"]
[Round "2"]
[White "WR3311"]
[Black "CoastalJourney"]
[Result "1-0"]
[ICCResult "Black resigns"]
[WhiteElo "1861"]
[BlackElo "1504"]
[Opening "English, 1...Nf6 (Anglo-Indian defense)"]
[ECO "A15"]
[NIC "EO.64"]
[Time "13:32:50"]
[TimeControl "2700+10"]

1. c4 Nf6 2. g3 g6 3. Bg2 Bg7 4. Nc3 c6 5. Nf3 d5 6. cxd5 cxd5 7. O-O O-O 8.
d4 Nc6 9. Bg5 h6 10. Bxf6 Bxf6 11. e3 Bg7 12. Rc1 Bf5 13. a3 Qd7 14. Nh4 Be6
15. b4 Rfd8 16. Qc2 Rac8 17. Qa4 a6 18. Qb3 b5 19. Nf3 Bh3 20. Ne2 Bxg2 21.
Kxg2 e6 22. Nf4 a5 23. Nd3 axb4 24. axb4 Qe7 25. Rc5 Na7 26. Nfe5 Rxc5 27.
bxc5 Rb8 28. Ra1 Rc8 29. Qa2 Rc7 30. Qa6 Kh7 31. Qb6 Rb7 32. Rxa7 Rxb6 33.
Rxe7 Rb8 34. c6 Bxe5 35. Nxe5 b4 36. c7 Ra8 37. Rd7 b3 38. Nd3 Rb8
{Black resigns}
1-0

[Event "ICC tourney 1983 (45 10)"]
[Site "Internet Chess Club"]
[Date "2020.08.29"]
[Round "2"]
[White "GreatAlexanderK"]
[Black "MysteryHunter"]
[Result "0-1"]
[ICCResult "White resigns"]
[WhiteElo "1567"]
[BlackElo "1691"]
[Opening "Sicilian: Najdorf"]
[ECO "B90"]
[NIC "SI.14"]
[Time "13:31:51"]
[TimeControl "2700+10"]

1. e4 c5 2. Nf3 d6 3. d4 cxd4 4. Nxd4 Nf6 5. Nc3 a6 6. Bd3 e5 7. Nf3 Be7 8.
Be3 Be6 9. Qd2 Nbd7 10. h3 h6 11. Ne2 Rc8 12. Ng3 Nb6 13. Nh4 Nxe4 14. Bxe4
Bxh4 15. Bxb7 Nc4 16. Qc1 Rc7 17. Bxa6 Nxe3 18. Bb5+ Bd7 19. Bxd7+ Qxd7 20.
Qxe3 Rxc2 21. Qe4 Rxb2 22. Qxh4 Qa7 23. O-O Rxa2 24. Rxa2 Qxa2 25. Nf5 O-O
26. Qg3 g6 27. Nxh6+ Kh7 28. Qh4 Kg7 29. Rc1 Qd2 30. Rc6 Qxh6 31. Qxh6+ Kxh6
32. Rxd6 Re8 33. Rf6 Kg7 34. Rf3 f5 35. Ra3 Re6 36. Ra7+ Kf6 37. f3 e4 38.
f4 Rd6 39. h4 Rd2 40. Ra6+ Kg7 41. Ra3 Kh6 42. Rg3 Rd1+ 43. Kh2 Rf1 44. Re3
Rxf4 45. g3 Rf2+ 46. Kg1 Rd2 47. g4 Rd3 48. Re2 Rg3+ {White resigns} 0-1

[Event "ICC tourney 1983 (45 10)"]
[Site "Internet Chess Club"]
[Date "2020.08.29"]
[Round "2"]
[White "danaglin"]
[Black "gardemarin13"]
[Result "0-1"]
[ICCResult "White resigns"]
[WhiteElo "1633"]
[BlackElo "1934"]
[Opening "Sicilian: closed"]
[ECO "B23"]
[NIC "SI.44"]
[Time "13:31:40"]
[TimeControl "2700+10"]

1. e4 c5 2. Nc3 g6 3. f4 Bg7 4. Nf3 Nc6 5. Bb5 Nd4 6. O-O e6 7. Kh1 Ne7 8.
d3 O-O 9. Qe1 Nxc2 10. Qf2 Nxa1 11. Be3 b6 12. Rxa1 d5 13. Ne2 Bb7 14. e5
Nf5 15. Bd2 d4 16. h3 f6 17. g4 Nh4 18. Ng1 fxe5 19. Kh2 Nxf3+ 20. Nxf3 exf4
21. Re1 Kh8 22. Rxe6 Qd5 {White resigns} 0-1

[Event "ICC tourney 1983 (45 10)"]
[Site "Internet Chess Club"]
[Date "2020.08.29"]
[Round "2"]
[White "sanjayselvam"]
[Black "ybabji"]
[Result "0-1"]
[ICCResult "White resigns"]
[WhiteElo "1906"]
[BlackElo "1749"]
[Opening "Queen's pawn: London system"]
[ECO "A45"]
[NIC "QP.07"]
[Time "13:31:49"]
[TimeControl "2700+10"]

1. d4 Nf6 2. Bf4 d5 3. e3 Bf5 4. c3 e6 5. Nf3 Bd6 6. Ne5 Nbd7 7. Bd3 Bxd3 8.
Qxd3 Bxe5 9. Bxe5 Nxe5 10. dxe5 Nd7 11. f4 Qh4+ 12. g3 Qh3 13. Nd2 O-O 14.
O-O-O c6 15. Rdg1 Nc5 16. Qc2 a5 17. Rf1 a4 18. Rf3 Qg2 19. Rhf1 Qxh2 20. g4
h6 21. g5 hxg5 22. R3f2 Qh3 23. Rf3 Qh5 24. Rg3 gxf4 25. exf4 g6 26. Rg5 Qh3
27. Rfg1 Nd3+ 28. Kb1 Nxf4 29. R1g3 Qh2 30. a3 Qe2 31. R5g4 Qe1+ 32. Ka2
Qxe5 33. Nf3 Qe2 34. Qc1 Nd3 35. Qb1 e5 36. Ng5 e4 37. Rg2 Qe1 {White
resigns} 0-1

[Event "ICC tourney 1983 (45 10)"]
[Site "Internet Chess Club"]
[Date "2020.08.29"]
[Round "2"]
[White "che8642"]
[Black "rpughiii"]
[Result "1/2-1/2"]
[ICCResult "Game drawn by mutual agreement"]
[WhiteElo "1477"]
[BlackElo "1649"]
[Opening "Old Indian: Ukrainian variation"]
[ECO "A53"]
[NIC "OI.04"]
[Time "13:32:31"]
[TimeControl "2700+10"]

1. d4 d6 2. c4 Nf6 3. Nc3 e5 4. dxe5 dxe5 5. Qxd8+ Kxd8 6. Bg5 c6 7. O-O-O+
Kc7 8. Nf3 Nbd7 9. e3 Bb4 10. Ne2 b6 11. a3 Be7 12. Nc3 Re8 13. Bd3 Bb7 14.
Ne4 Rad8 15. Nxf6 gxf6 16. Bh4 h6 17. Bg3 Nc5 18. Bc2 Rxd1+ 19. Rxd1 Rd8 20.
Bh4 Rxd1+ 21. Kxd1 Kd6 22. b4 Ne6 23. Nd2 c5 24. Be4 Bc8 25. Bd5 f5 26. Bg3
f6 27. b5 Nc7 28. Bc6 Bd7 29. Bxd7 Kxd7 30. a4 Ne6 31. h3 e4 32. Bb8 Bd6 33.
Bxd6 Kxd6 34. Nf1 Ke5 35. Kd2 f4 36. Nh2 f5 37. g3 f3 38. Kc3 Ng5 39. h4 Nh3
40. Kd2 Nxf2 41. Kc3 Ng4 42. Nxg4+ fxg4 43. Kd2 {Game drawn by mutual
agreement} 1/2-1/2

[Event "ICC tourney 1983 (45 10)"]
[Site "Internet Chess Club"]
[Date "2020.08.29"]
[Round "2"]
[White "DanielA1926"]
[Black "swegderp"]
[Result "1/2-1/2"]
[ICCResult "Game drawn by mutual agreement"]
[WhiteElo "1501"]
[BlackElo "1686"]
[Opening "QGD Slav: 4.e3"]
[ECO "D11"]
[NIC "QP.08"]
[Time "13:31:38"]
[TimeControl "2700+10"]

1. d4 d5 2. Nf3 Nf6 3. c4 c6 4. e3 e6 5. a3 Bd6 6. Nc3 Nbd7 7. Bd3 O-O 8.
O-O h6 9. b4 e5 10. c5 Bc7 11. Bf5 e4 12. Nd2 g6 13. Bxd7 Bxd7 14. f4 exf3
15. Nxf3 Ne4 16. Nxe4 dxe4 17. Nd2 Qh4 18. g3 Bxg3 19. hxg3 Qxg3+ 20. Kh1
Qh3+ 21. Kg1 Qg3+ 22. Kh1 Qh3+ 23. Kg1 Qxe3+ 24. Rf2 Qxd4 25. Bb2 Qxb2 26.
Nxe4 Qg7 27. Nf6+ Kh8 28. Qxd7 {Game drawn by mutual agreement} 1/2-1/2

[Event "ICC tourney 1983 (45 10)"]
[Site "Internet Chess Club"]
[Date "2020.08.29"]
[Round "2"]
[White "karuto2006"]
[Black "EsatERGIN"]
[Result "0-1"]
[ICCResult "White checkmated"]
[WhiteElo "1771"]
[BlackElo "2006"]
[Opening "Ruy Lopez: modern Steinitz defense, 5.O-O"]
[ECO "C72"]
[NIC "RL.10"]
[Time "13:31:46"]
[TimeControl "2700+10"]

1. e4 e5 2. Nf3 Nc6 3. Bb5 a6 4. Ba4 d6 5. O-O Bd7 6. c3 g6 7. d3 Bg7 8. Be3
Nge7 9. Nbd2 O-O 10. Re1 h6 11. h3 f5 12. exf5 gxf5 13. Nf1 Kh8 14. N3h2 f4
15. Bd2 Qe8 16. Ng4 Qg6 17. Nfh2 h5 18. d4 hxg4 19. Bc2 Qg5 20. Nxg4 Bxg4
21. hxg4 Qh4 22. dxe5 dxe5 23. Qf3 Rf6 24. Be4 Rd8 25. Rad1 Rh6 26. g3 Qh2+
27. Kf1 Rf8 28. gxf4 exf4 29. g5 Ne5 30. Qg2 f3 31. Qxh2 Rxh2 32. Kg1 Rg2+
33. Kh1 Rxf2 34. Rf1 Ng4 35. Kg1 Rg2+ 36. Kh1 Rh2+ 37. Kg1 f2+ 38. Rxf2
Rhxf2 39. a3 Nf5 40. Bxf5 R8xf5 41. g6 R5f3 42. a4 Rg3+ 43. Kh1 Rh2#
{White checkmated}
0-1

[Event "ICC tourney 1983 (45 10)"]
[Site "Internet Chess Club"]
[Date "2020.08.29"]
[Round "2"]
[White "chessboy2020"]
[Black "clair"]
[Result "1/2-1/2"]
[ICCResult "Game drawn by repetition"]
[WhiteElo "1537"]
[BlackElo "1717"]
[Opening "Scandinavian: Pytel-Wade variation"]
[ECO "B01"]
[NIC "SD.02"]
[Time "13:31:53"]
[TimeControl "2700+10"]

1. e4 d5 2. exd5 Qxd5 3. Nc3 Qd6 4. d4 g6 5. Be3 Nf6 6. Qd2 Bg7 7. Bc4 c6 8.
Nf3 O-O 9. O-O-O Be6 10. Bb3 Bxb3 11. cxb3 Nd5 12. Bh6 Nd7 13. Kb1 a5 14. h4
Nxc3+ 15. bxc3 a4 16. b4 Nf6 17. h5 Ne4 18. Qe3 Nxc3+ 19. Qxc3 Bxh6 20. Ne5
Bg7 21. hxg6 fxg6 22. Qc4+ e6 23. a3 Rxf2 24. Qc3 Qd5 25. g4 Qb3+ 26. Qxb3
axb3 27. Nc4 b5 28. Na5 e5 29. Rdf1 Ra2 30. Nxc6 exd4 31. Ne7+ Kh8 32. Nxg6+
Kg8 33. Ne7+ Kh8 34. Ng6+ Kg8 35. Ne7+ Kh8 36. Ng6+ {Game drawn by
repetition} 1/2-1/2

[Event "ICC tourney 1983 (45 10)"]
[Site "Internet Chess Club"]
[Date "2020.08.29"]
[Round "2"]
[White "chesslin"]
[Black "saanvit"]
[Result "0-1"]
[ICCResult "White resigns"]
[WhiteElo "1926"]
[BlackElo "1765"]
[Opening "Queen's pawn, Mason variation"]
[ECO "D00"]
[NIC "QP.08"]
[Time "13:31:43"]
[TimeControl "2700+10"]

1. d4 d5 2. Bf4 Bf5 3. c4 c6 4. Nc3 Nf6 5. Qb3 Qd7 6. cxd5 cxd5 7. Bxb8 Rxb8
8. e4 Qe6 9. Bb5+ Kd8 10. e5 Nd7 11. Nf3 Nb6 12. O-O h5 13. a4 h4 14. a5 a6
15. axb6 axb5 16. Qxd5+ Qxd5 17. Nxd5 e6 18. Nc7 Bb4 19. Ra4 bxa4 20. Ng5
Bg6 21. Ra1 Ba5 22. d5 Bxb6 23. Nb5 exd5 24. Rxa4 Rc8 25. h3 Rc1+ 26. Kh2
Bxf2 27. g4 Bg3+ 28. Kg2 Rc2+ 29. Kf3 Rf2+ 30. Ke3 Ke7 31. Rb4 f6 32. exf6+
gxf6 33. Nf3 Rf1 34. Nbd4 Re8 35. Rxb7+ Kf8+ 36. Kd2 Be1+ 37. Nxe1 Rfxe1 38.
b4 Rb1 39. b5 Rb2+ 40. Kc3 Rb1 41. Nc6 Re3+ 42. Kd4 Rd3+ 43. Kc5 Rxh3 44. b6
Rhb3 45. Nd8 Rb5+ 46. Kc6 Be8+ 47. Kc7 Bf7 48. Nc6 h3 49. Nd4 Rxb6
{White resigns}
0-1

[Event "ICC tourney 1983 (45 10)"]
[Site "Internet Chess Club"]
[Date "2020.08.29"]
[Round "2"]
[White "Samuel-Colt"]
[Black "PerpetualForce"]
[Result "0-1"]
[ICCResult "White resigns"]
[WhiteElo "1791"]
[BlackElo "1736"]
[Opening "QGA: classical variation, 6.O-O"]
[ECO "D26"]
[NIC "QG.08"]
[Time "13:31:58"]
[TimeControl "2700+10"]

1. d4 d5 2. c4 dxc4 3. Nf3 Nf6 4. e3 e6 5. Bxc4 c5 6. O-O Be7 7. Nc3 O-O 8.
Qe2 a6 9. dxc5 Bxc5 10. Rd1 Qc7 11. a3 b5 12. Ba2 Nc6 13. Bd2 Bb7 14. Rac1
Bb6 15. Bb1 Qb8 16. h3 Ne5 17. Nxe5 Qxe5 18. Be1 Rfd8 19. Rxd8+ Rxd8 20. Nd1
Qg5 21. f3 Nd5 22. Bf2 Qe5 23. Qc2 g6 24. Qe4 Qd6 25. Qh4 Qe5 26. e4 Bxf2+
27. Nxf2 g5 28. Ng4 Qf4 29. Nh6+ Kg7 30. Qxf4 Nxf4 31. Rc7 Kxh6 32. g3 Rd1+
33. Kh2 Ng6 34. Rxb7 Rxb1 35. Rxf7 Rxb2+ 36. Kh1 Ne5 37. Rf6+ Kg7 38. Rxe6
Nxf3 {White resigns} 0-1

[Event "ICC tourney 1983 (45 10)"]
[Site "Internet Chess Club"]
[Date "2020.08.29"]
[Round "2"]
[White "vishalanil"]
[Black "lmperfectFocus"]
[Result "1-0"]
[ICCResult "Black checkmated"]
[WhiteElo "1878"]
[BlackElo "1611"]
[Opening "Giuoco Pianissimo"]
[ECO "C50"]
[NIC "IG.02"]
[Time "13:31:45"]
[TimeControl "2700+10"]

1. e4 e5 2. Nf3 Nc6 3. Bc4 Bc5 4. d3 h6 5. c3 Nf6 6. Bb3 d6 7. h3 O-O 8. O-O
Re8 9. Nbd2 Be6 10. Bc2 d5 11. exd5 Nxd5 12. Ne4 Bb6 13. a4 a6 14. Re1 Nf6
15. Ng3 Qd6 16. Qe2 Rad8 17. Bd2 Nd5 18. Rad1 f5 19. Bc1 e4 20. dxe4 Qxg3
21. exd5 Bxd5 22. Be3 Rxe3 23. fxe3 Re8 24. Rxd5 Rxe3 25. Qxe3 Bxe3+ 26.
Rxe3 Qf4 27. Kf2 Ne7 28. Rxe7 Qc1 29. Rd8+ Kh7 30. Bxf5# {Black checkmated}
1-0

[Event "ICC tourney 1983 (45 10)"]
[Site "Internet Chess Club"]
[Date "2020.08.29"]
[Round "2"]
[White "omegablitz"]
[Black "whyyoutrysohard"]
[Result "0-1"]
[ICCResult "White resigns"]
[WhiteElo "1714"]
[BlackElo "1632"]
[Opening "King's Indian defense, 3.Nc3"]
[ECO "E61"]
[NIC "KI.80"]
[Time "13:31:47"]
[TimeControl "2700+10"]

1. d4 Nf6 2. c4 g6 3. Nc3 Bg7 4. Nf3 O-O 5. Bf4 d6 6. e3 Nbd7 7. Be2 b6 8.
O-O Bb7 9. Rc1 Ne4 10. Qc2 f5 11. h3 e5 12. Bh2 Nxc3 13. bxc3 e4 14. Nd2 Nf6
15. Nb3 a5 16. d5 Bc8 17. Nd4 Bd7 18. Qb2 h6 19. f4 exf3 20. gxf3 Re8 21.
Qd2 Qe7 22. Kf2 Nh5 23. f4 Nf6 24. Bf3 Ne4+ 25. Bxe4 Qxe4 26. Rce1 c5 27.
Ne2 Qxc4 28. Rg1 Kh7 29. Rg2 Re7 30. Reg1 Be8 31. h4 h5 32. Rg3 Bf6 33. Rh3
Bf7 34. Qb2 b5 35. Qd2 Rd8 36. Bg3 Qxd5 37. Qc2 Qxa2 38. Qd3 Bc4 39. Qd1
Qxe2+ 40. Qxe2 Bxe2 41. Kxe2 Bxc3 42. Bf2 a4 43. Rhg3 Re6 44. Rg5
{White resigns}
0-1

[Event "ICC tourney 1983 (45 10)"]
[Site "Internet Chess Club"]
[Date "2020.08.29"]
[Round "2"]
[White "Niteshc"]
[Black "Zwish"]
[Result "0-1"]
[ICCResult "White resigns"]
[WhiteElo "1571"]
[BlackElo "1954"]
[Opening "Sicilian: Smith-Morra gambit"]
[ECO "B21"]
[NIC "SI.48"]
[Time "13:31:49"]
[TimeControl "2700+10"]

1. e4 c5 2. d4 cxd4 3. c3 e6 4. Nf3 Ne7 5. cxd4 d5 6. Nc3 dxe4 7. Nxe4 Nbc6
8. Bb5 Nf5 9. Be3 Nxe3 10. fxe3 Bb4+ 11. Nc3 O-O 12. O-O Ne7 13. Bd3 b6 14.
Bxh7+ Kxh7 15. Ng5+ Kg6 16. Qg4 f5 17. Qg3 Bd6 18. Qf3 Bd7 19. h4 Rh8 20. g3
Qc7 21. Rf2 Raf8 22. e4 Bxg3 23. Rg2 f4 24. Qg4 Rxh4 25. Qxh4 Bxh4 26. Nxe6+
Kh5 27. Nxc7 g5 28. Rf1 Bh3 29. e5 Nf5 30. e6 Bxg2 31. Kxg2 g4 32. Kg1 Nxd4
33. N3d5 Ne2+ 34. Kh2 Bg3+ 35. Kh1 Kg5 36. Kg2 f3+ 37. Rxf3 gxf3+ 38. Kf1
Rh8 {White resigns} 0-1